 Dungeon Crawl Stone Soup version 0.18.1-50-g88ac8fd (webtiles) character file.

582960 ololoev the Sorcerer (level 25, -4/163 HPs)
             Began as a Deep Elf Earth Elementalist on Nov 25, 2016.
             Was the Champion of Vehumet.
             Slain by the Enchantress
             ... wielding a +2 demon whip of venom
              (20 damage)
             ... on level 2 of the Depths.
             The game lasted 05:11:13 (28239 turns).

ololoev the Sorcerer (Deep Elf Earth Elementalist) Turns: 28239, Time: 05:11:14

Health: -4/163     AC: 13    Str:  8    XL:     25   Next: 43%
Magic:  3/48       EV: 19    Int: 46    God:    Vehumet [******]
Gold:   2183       SH:  0    Dex: 12    Spells: 14 memorised, 9 levels left

rFire  + + .     SeeInvis .     b - staff of energy
rCold  . . .     Gourm    .     Y - +0 troll leather armour
rNeg   + + .     Faith    .     (no shield)
rPois  .         Spirit   .     P - +2 helmet of the Leaf {rF+}
rElec  .         Dismiss  .     A - +1 cloak
rCorr  .         Reflect  .     c - +2 pair of gloves
SustAt .         Harm     .     y - +2 pair of boots
MR     +++++     Clarity  +     j - amulet of the Four Winds {rN+ MR+++ Clar}
Stlth  ++++......               k - ring "Xebeoh" {rN+ Str+3 Int+6 Dex-3}
                                x - ring of Peace {Wiz rF+ Int+5}

@: lethally poisoned (-4 -> -28), about to teleport, corroded, studying Stealth,
almost entirely resistant to hostile enchantments, stealthy
A: rugged brown scales 1, berserk 1, clever 1, low mp 1, robust 1, shaggy fur 1
a: Renounce Religion
}: 4/15 runes: barnacled, silver, golden, gossamer


Innate Abilities, Weirdness & Mutations

You are partially covered in rugged brown scales (AC +1, +3% HP).
You tend to lose your temper in combat.
Your mind is acute. (Int +2)
Your magical capacity is low (-10% MP).
You are robust (+10% HP).
You are covered in fur (AC +1).

Inventory:

Missiles
 Q - 3 throwing nets (quivered)
Armour
 c - a +2 pair of gloves (worn)
 v - the +5 leather armour of the Blue Moon {rElec rPois Stlth-}
   (You found it on level 6 of the Dungeon)

   It insulates you from electricity.
   It protects you from poison.
   It makes you less stealthy.
 y - a +2 pair of boots (worn)
 A - a +1 cloak (worn)
 P - the +2 helmet of the Leaf (worn) {rF+}
   (You bought it in a shop on level 2 of the Orcish Mines)

   It protects you from fire.
 Y - a +0 troll leather armour (worn)
Magical Staves
 a - an uncursed staff of power
 b - an uncursed staff of energy (weapon)
Jewellery
 j - the amulet of the Four Winds (around neck) {rN+ MR+++ Clar}
   (You bought it in a shop on level 1 of the Elven Halls)

   [amulet of nothing]

   It protects you from negative energy.
   It affects your resistance to hostile enchantments.
   It protects you against confusion.
 k - the ring "Xebeoh" (right hand) {rN+ Str+3 Int+6 Dex-3}
   (You took it off a necromancer on level 3 of the Crypt)

   [ring of positive energy]

   It affects your strength (+3).
   It affects your intelligence (+6).
   It affects your dexterity (-3).
   It protects you from negative energy.
 n - an uncursed ring of sustain attributes
 t - a +6 ring of protection
 u - an uncursed ring of see invisible
 x - the ring of Peace (left hand) {Wiz rF+ Int+5}
   (You took it off a deep elf archer on level 14 of the Dungeon)

   [ring of wizardry]

   It improves your spell success rate.
   It affects your intelligence (+5).
   It protects you from fire.
 C - an uncursed amulet of magic regeneration
Wands
 z - a wand of disintegration (9/24)
 E - a wand of hasting (0/9)
 M - a wand of digging (0/24)
Scrolls
 e - 3 scrolls of amnesia
 f - 14 scrolls of remove curse
 o - a scroll of immolation
 p - 9 scrolls of teleportation
 r - 7 scrolls of recharging
 s - 3 scrolls of fear
 D - a scroll of identify
 G - 3 scrolls of fog
 H - 5 scrolls of magic mapping
Potions
 l - 3 potions of flight
 m - 3 potions of brilliance
 B - a potion of cancellation
 N - 5 potions of cure mutation
 O - 6 potions of curing
 U - a potion of resistance
 V - 2 potions of lignification
Books
 h - a manual of Stealth
Miscellaneous
 F - a phantom mirror
Comestibles
 d - 7 bread rations
 g - 10 beef jerkies
 i - 7 chunks of flesh
 w - 25 meat rations


   Skills:
 + Level 11.6 Fighting
 - Level 2.5 Armour
 + Level 15.5 Dodging
 + Level 8.4 Stealth
 + Level 24.7 Spellcasting
 + Level 19.9 Conjurations
 * Level 11.7 Necromancy
 * Level 11.4 Transmutations
 * Level 17.3 Fire Magic
 - Level 23.6 Earth Magic
 - Level 10.0 Evocations


You had 9 spell levels left.
You knew the following spells:

 Your Spells              Type           Power        Failure   Level  Hunger
a - Shatter               Erth           ########..   1%          9    None
b - Stone Arrow           Conj/Erth      ######       0%          3    None
c - Lee's Rapid Deconstr  Erth           ########..   0%          5    None
d - Petrify               Trmt/Erth      ########     0%          4    None
e - Orb of Destruction    Conj           ########..   1%          7    None
f - Blink                 Tloc           N/A          1%          2    None
g - Passage of Golubria   Tloc           N/A          1%          4    None
h - Bolt of Fire          Conj/Fire      ########..   1%          6    None
j - Fireball              Conj/Fire      ########..   0%          5    None
n - Necromutation         Trmt/Necr      ########..   10%         8    None
p - Apportation           Tloc           ######....   1%          1    None
q - Delayed Fireball      Conj/Fire      N/A          1%          7    None
s - Iron Shot             Conj/Erth      ########..   0%          6    None
w - Passwall              Trmt/Erth      ########..   0%          2    None


You were on level 2 of the Depths.
You worshipped Vehumet.
Vehumet was exalted by your worship.
You were hungry.

You visited 11 branches of the dungeon, and saw 50 of its levels.
You visited 1 ziggurat, and saw 8 of its levels.
You also visited: Volcano.

You collected 5075 gold pieces.
You spent 2892 gold pieces at shops.

≈≈≈≈≈≈≈≈.†............(.
≈≈≈≈≈≈≈..............(..
≈≈..≈≈≈##..........(÷....
.≈....≈.#...%.............
................).........
.#.#...#.(...[..##........
....≈..≈..≈.)≈..)⌠..#.....
....≈)≈)(%≈%≈≈).≈≈≈≈#...#.
..%.≈≈..≈@.≈..≈.≈≈≈≈≈..†.#
≈#...#..bii.....≈≈≈≈≈≈#...
#....⌠.⌠.....≈≈≈≈.≈≈≈≈....
..#≈≈(≈/≈≈#...≈≈.≈.≈≈≈.#..
..≈≈≈$)$≈(≈..#≈≈≈.≈.≈≈≈#..
#≈≈≈≈...≈≈≈|#..≈≈♣≈#≈≈≈#..
.|)#.)(#..≈≈..#P≈≈.≈.≈≈#..
≈≈ #)/≈%}.#≈≈.. P≈≈.≈≈≈#..
≈ ♣≈≈≈≈≈.#≈≈.. 8≈.≈)≈≈[#÷

Notes
Turn   | Place    | Note
--------------------------------------------------------------
     0 | D:1      | ololoev the Deep Elf Earth Elementalist began the quest for the Orb.
     0 | D:1      | Reached XP level 1. HP: 10/10 MP: 6/6
   118 | D:1      | Reached XP level 2. HP: 15/15 MP: 6/8
   241 | D:1      | Reached skill level 4 in Spellcasting
   350 | D:4      | Found an opulent altar of Gozag.
   392 | D:4      | Found a shimmering altar of Xom.
   392 | D:4      | Found a blossoming altar of Fedhas.
   446 | D:4      | Found a sparkling altar of Nemelex Xobeh.
   526 | D:3      | Reached XP level 3. HP: 19/19 MP: 4/10
   531 | D:3      | Learned a level 3 spell: Stone Arrow
   555 | D:3      | Noticed a giant frog
   570 | D:3      | Killed a giant frog
   570 | D:3      | Reached skill level 5 in Spellcasting
   570 | D:3      | Reached skill level 1 in Conjurations
   570 | D:3      | Reached XP level 4. HP: 17/24 MP: 2/13
   662 | D:4      | Reached XP level 5. HP: 13/28 MP: 0/15
   766 | D:4      | Reached skill level 6 in Spellcasting
   886 | D:5      | Entered Level 5 of the Dungeon
   964 | D:4      | Noticed an ogre
   983 | D:4      | Killed an ogre
   983 | D:4      | Reached skill level 5 in Earth Magic
   983 | D:4      | Reached XP level 6. HP: 16/32 MP: 10/17
  1118 | D:5      | Noticed an ice beast
  1130 | D:5      | Killed an ice beast
  1130 | D:5      | Reached skill level 7 in Spellcasting
  1170 | D:5      | Found a radiant altar of Vehumet.
  1176 | D:5      | Became a worshipper of Vehumet
  1179 | D:5      | Reached XP level 7. HP: 20/36 MP: 8/19
  1204 | D:5      | Learned a level 5 spell: Lee's Rapid Deconstruction
  1361 | D:6      | Got a warped leather armour
  1372 | D:6      | Identified the +5 leather armour of the Blue Moon {rElec rPois Stlth-} (You found it on level 6 of the Dungeon)
  1377 | D:6      | Reached skill level 8 in Spellcasting
  1420 | D:6      | Found a staircase to the Ecumenical Temple.
  1469 | D:6      | Reached * piety under Vehumet
  1469 | D:6      | Offered knowledge of Freeze by Vehumet.
  1531 | D:6      | Reached skill level 1 in Armour
  1565 | D:6      | Reached XP level 8. HP: 5/41 MP: 11/22
  1764 | D:6      | Reached skill level 9 in Spellcasting
  1864 | D:8      | Found a deep blue altar of Sif Muna.
  1878 | D:8      | Noticed Psyche
  1881 | D:8      | Killed Psyche
  1881 | D:8      | Reached skill level 5 in Conjurations
  1940 | D:7      | Reached skill level 10 in Spellcasting
  2053 | D:7      | Found Rich's Weapon Shop.
  2098 | D:8      | Reached XP level 9. HP: 45/45 MP: 21/25
  2176 | D:8      | Found Tibueq's Assorted Antiques.
  2199 | D:8      | Offered knowledge of Throw Frost by Vehumet.
  2303 | D:8      | Learned a level 4 spell: Petrify
  2361 | D:8      | Found an ancient bone altar of Kikubaaqudgha.
  2370 | D:8      | Reached ** piety under Vehumet
  2432 | D:10     | Entered Level 10 of the Dungeon
  2566 | D:10     | Reached skill level 11 in Spellcasting
  2632 | D:9      | Found a sacrificial altar of Ru.
  2810 | D:9      | Found a burning altar of Makhleb.
  2810 | D:9      | Noticed a blizzard demon
  2824 | D:9      | Found a radiant altar of Vehumet.
  2828 | D:9      | Learned a level 1 spell: Apportation
  2911 | D:9      | Found a staircase to the Lair.
  2911 | D:9      | Noticed a komodo dragon
  2932 | D:9      | Killed a komodo dragon
  3009 | D:10     | Reached skill level 12 in Spellcasting
  3009 | D:10     | Offered knowledge of Ignite Poison by Vehumet.
  3018 | D:10     | Noticed a troll
  3045 | D:9      | Reached *** piety under Vehumet
  3083 | D:11     | Noticed a five-headed hydra
  3099 | D:10     | Noticed a troll
  3224 | D:10     | Killed a troll
  3224 | D:10     | Reached XP level 10. HP: 36/50 MP: 19/28
  3308 | D:10     | Reached skill level 10 in Earth Magic
  3526 | D:10     | Killed an unseen horror
  3583 | D:10     | Reached skill level 13 in Spellcasting
  3646 | D:11     | Noticed a purple ugly thing
  3652 | D:11     | Noticed a hill giant
  3653 | D:11     | Killed a purple ugly thing
  3745 | D:11     | Offered knowledge of Dazzling Spray by Vehumet.
  3838 | D:11     | Killed a five-headed hydra
  3876 | D:11     | Noticed Sonja
  3881 | D:11     | Killed Sonja
  3893 | D:11     | Killed a hill giant
  3893 | D:11     | Reached skill level 14 in Spellcasting
  3893 | D:11     | Reached XP level 11. HP: 48/54 MP: 13/31
  4061 | Lair:1   | Entered Level 1 of the Lair of Beasts
  4071 | Lair:1   | Found a basalt altar of Yredelemnul.
  4143 | Lair:1   | Learned a level 2 spell: Passwall
  4303 | Lair:2   | Noticed a six-headed hydra
  4341 | Lair:2   | Reached **** piety under Vehumet
  4368 | Lair:2   | Offered knowledge of Mephitic Cloud by Vehumet.
  4455 | Lair:2   | Reached skill level 15 in Spellcasting
  4579 | Lair:3   | Noticed Urug
  4903 | Lair:3   | Noticed a seven-headed hydra
  4917 | Lair:3   | Killed a seven-headed hydra
  4941 | Lair:3   | Killed Urug
  4995 | Lair:3   | Reached ***** piety under Vehumet
  4995 | Lair:3   | Offered knowledge of Iron Shot by Vehumet.
  5008 | Lair:3   | Learned a level 6 spell: Iron Shot
  5024 | Lair:3   | Noticed a griffon
  5044 | Lair:3   | Killed a griffon
  5044 | Lair:3   | Reached XP level 12. HP: 59/59 MP: 27/33
  5114 | Lair:3   | Noticed an eight-headed hydra
  5129 | Lair:3   | Killed an eight-headed hydra
  5154 | Lair:3   | Reached skill level 10 in Conjurations
  5246 | Lair:3   | Found a staircase to the Shoals.
  5281 | Lair:4   | Noticed an eight-headed hydra
  5284 | Lair:4   | Noticed a seven-headed hydra
  5284 | Lair:4   | Killed an eight-headed hydra
  5287 | Lair:4   | Killed a seven-headed hydra
  5326 | Lair:4   | Noticed Harold
  5340 | Lair:4   | Killed Harold
  5366 | Lair:4   | Noticed Josephine
  5449 | Lair:3   | Reached skill level 16 in Spellcasting
  5851 | Lair:4   | Killed Josephine
  5937 | Lair:4   | Noticed a six-headed hydra
  5943 | Lair:4   | Killed a six-headed hydra
  6038 | Lair:5   | Reached skill level 15 in Earth Magic
  6038 | Lair:5   | Reached XP level 13. HP: 63/63 MP: 15/35
  6062 | Lair:5   | Noticed Rupert
  6329 | Lair:5   | Killed Rupert
  6440 | Lair:5   | ololoev: HO HO HO
  6440 | Lair:5   | ololoev: AC+6
  6458 | Lair:6   | Oozefury: джекпот)
  6476 | Lair:6   | Oozefury: я смотрю уже второй раз у тебя Лрд, он настолько хорош?
  6482 | Lair:6   | ololoev: очень хорош против врагов без АС
  6482 | Lair:6   | ololoev: ну и ему плевать на ЕВ
  6482 | Lair:6   | Oozefury: типа леер
  6482 | Lair:6   | Oozefury: спайдер
  6482 | Lair:6   | ololoev: этакий файербол в мире земли
  6482 | Lair:6   | Oozefury: окей
  6491 | Lair:6   | Reached skill level 17 in Spellcasting
  6500 | Lair:6   | ololoev: с лрд некоторые особенности есть правла
  6500 | Lair:6   | ololoev: например если лрдшить металлическую стену то дамаг нефиговый
  6500 | Lair:6   | Oozefury: а в форме статуи
  6500 | Lair:6   | ololoev: от решетки вообще ад
  6500 | Lair:6   | Oozefury: он норм?
  6500 | Lair:6   | ololoev: не особо, в форме статую ты в полтора раза медленнее кастуешь же
  6500 | Lair:6   | ololoev: в статуе надо что-то типа всеумерли или торнадо
  6574 | Lair:7   | Offered knowledge of Bolt of Magma by Vehumet.
  6640 | Lair:6   | Oozefury: я белый дракончик, гласиет не нашел, но вот есть шаттер и Гранд гримуар, выучил манагири, думал Малайн Гэтэвей брать или нет
  6680 | Lair:7   | ololoev: шаттер тентаклю дамажить будет скорее всего
  6680 | Lair:7   | ololoev: так что либо тентакля либо шаттер
  6721 | Lair:7   | Found a dark tunnel.
  6748 | Volcano  | Entered a volcano
  6749 | Volcano  | Oozefury: а если тентакль то для Чея типа не будет ли это слишком опасно
  6750 | Volcano  | ololoev: кстати
  6750 | Volcano  | ololoev: чеи может его и запрещать
  6750 | Volcano  | Oozefury: хммм значит шаттер
  6750 | Volcano  | ololoev: он же хаосом бьет, значит может и хасту повесить чисто теоретически
  6813 | Volcano  | ololoev: ура
  6813 | Volcano  | ololoev: рФ не понадобится
  6813 | Volcano  | Oozefury: в описании ничего не пишет о том что он запрещает ускорять через саммоны
  6854 | Volcano  | ololoev: эх, мне нужен реген
  6870 | Volcano  | Oozefury: aga
  6885 | Volcano  | ololoev: спасибо огер
  7016 | Volcano  | Found a radiant altar of Vehumet.
  7030 | Volcano  | ololoev: бездарный вулкан
  7164 | Lair:8   | Entered Level 8 of the Lair of Beasts
  7207 | Lair:7   | Oozefury: вчера видел как BoltzmannConstant (один из 3-ох кто взял МуМо чэлендж) играл, он рассказал мне почему у него такой титул Beholder of Dragons and Spirit Perserverance
  7225 | Lair:7   | ololoev: что за титул?
  7254 | Lair:7   | Oozefury: первая часть - потому что не убил Тиамата, а вторая - 2 года пытался)
  7257 | Lair:7   | Found a viscous altar of Jiyva.
  7257 | Lair:7   | Found a staircase to the Slime Pits.
  7349 | Lair:7   | Oozefury: ну на картинке Мумо чэленджа там написанны победители и походу игроки или 4чановцы (незнаю точно) дописали им титулы смотря на то что и как они делали в игре
  7391 | Lair:6   | Offered knowledge of Orb of Destruction by Vehumet.
  7400 | Lair:6   | Learned a level 7 spell: Orb of Destruction
  7418 | Lair:6   | ololoev: так
  7418 | Lair:6   | ololoev: надо посчитать сколько там до всеумерли осталось
  7418 | Lair:6   | ololoev: еще 4 гифта и только 5м даст девятки :(
  7624 | Lair:8   | Oozefury: )
  7657 | Lair:8   | ololoev: слоны
  7657 | Lair:8   | ololoev: ну в целом норм
  7657 | Lair:8   | ololoev: шот лекго их чистит
  7710 | Lair:8   | Oozefury: !crystalball ololoev
  7713 | Lair:8   | beem: ololoev the Eclecticist (L18 DEEE), worshipper of Vehumet, slain by a spriggan berserker (a cursed +0 flail) on Depths:3, with 218578 points after 28616 turns and 1:24:06.
  7722 | Lair:8   | Oozefury: xD
  7722 | Lair:8   | ololoev: что это?
  7722 | Lair:8   | ololoev: !crystalball
  7722 | Lair:8   | Oozefury: типа предсказания
  7722 | Lair:8   | beem: ololoev the Eclecticist (L15 DEEE), worshipper of Vehumet, slain by Boruk the orc warlord (a +3 bardiche of freezing) on Snake:4, with 69281 points after 19864 turns and 1:29:05.
  7722 | Lair:8   | ololoev: aa
  7722 | Lair:8   | Oozefury: в шутку
  7722 | Lair:8   | ololoev: lol
  7740 | Lair:8   | ololoev: не понял
  7740 | Lair:8   | ololoev: чому храм другой?
  7920 | Lair:8   | Reached XP level 14. HP: 53/68 MP: 17/37
  8000 | Lair:8   | ololoev: OLOLOLOLOLOLOLO
  8000 | Lair:8   | Oozefury: нашел?
  8000 | Lair:8   | ololoev: UBERNOICE!!!
  8000 | Lair:8   | ololoev: energy
  8000 | Lair:8   | ololoev: так
  8000 | Lair:8   | Oozefury: круто
  8000 | Lair:8   | ololoev: теперь надо не просрать все
  8087 | Lair:8   | Reached skill level 1 in Evocations
  8410 | Lair:3   | Found a hole to the Spider Nest.
  8414 | Lair:3   | ololoev: шоалсы и спайдеры
  8414 | Lair:3   | ololoev: надо подумать
  8414 | Lair:3   | ololoev: успеет ли вех дать шаттер до эльфов
  8414 | Lair:3   | Oozefury: ненавижу шоалсы
  8414 | Lair:3   | ololoev: наверное пойду в орки
  8421 | Lair:3   | ololoev: шоалсы сейчас жестко
  8421 | Lair:3   | ololoev: спайдеры без синва будут унижать
  8444 | Lair:2   | Oozefury: ладно иду чистить со скоростью улитки шоалсы
  8477 | D:9      | Oozefury: ага
  8583 | D:10     | ololoev: опа
  8583 | D:10     | ololoev: еще лут!
  8616 | D:10     | ololoev: блин, где тролль хайд, педики?
  8616 | D:10     | ololoev: уже третьего зеленого потрошу!
  8958 | D:12     | Reached skill level 18 in Spellcasting
  9131 | D:12     | Found Edatom's Distillery.
  9142 | D:12     | Bought a potion of magic for 144 gold pieces
  9142 | D:12     | Bought a potion of lignification for 54 gold pieces
  9142 | D:12     | Bought a potion of heal wounds for 90 gold pieces
  9142 | D:12     | Bought a potion of heal wounds for 90 gold pieces
  9142 | D:12     | Bought 2 potions of curing for 108 gold pieces
  9250 | D:12     | Found a staircase to the Orcish Mines.
  9304 | D:12     | Reached ****** piety under Vehumet
  9414 | D:12     | Reached skill level 5 in Evocations
  9473 | Orc:1    | Entered Level 1 of the Orcish Mines
  9622 | Orc:1    | Offered knowledge of Poison Arrow by Vehumet.
  9664 | Orc:2    | Entered Level 2 of the Orcish Mines
  9743 | Orc:2    | Found Ceebb's Food Boutique.
  9766 | Orc:2    | Found a roughly hewn altar of Beogh.
  9913 | Orc:1    | Iwannabefree: sup
  9913 | Orc:1    | ololoev: yo
 10036 | Orc:2    | Found Gyduif's Gadget Shop.
 10074 | Orc:2    | Bought a wand of hasting (4/9) for 672 gold pieces
 10339 | Orc:2    | Noticed an orc warlord
 10358 | Orc:2    | Killed an orc warlord
 10398 | Orc:2    | Found a roughly hewn altar of Beogh.
 10478 | Orc:2    | Reached XP level 15. HP: 72/72 MP: 35/39
 10482 | Orc:2    | Found Morhugec's Antique Armour Boutique.
 10495 | Orc:2    | Bought a heavily runed helmet for 256 gold pieces
 10507 | Orc:2    | Identified the +2 helmet of the Leaf {rF+} (You bought it in a shop on level 2 of the Orcish Mines)
 10564 | Orc:2    | Found Kimodgh's General Store.
 10758 | Orc:2    | Found a staircase to the Elven Halls.
 10867 | Orc:2    | Offered knowledge of Spellforged Servitor by Vehumet.
 11156 | Orc:2    | Bought a slimy robe for 153 gold pieces
 11166 | Orc:2    | Identified the cursed +0 robe of Gehenna {rElec rPois rN+ Str-5} (You bought it in a shop on level 2 of the Orcish Mines)
 11166 | Orc:2    | Lost strength.
 11209 | Orc:2    | Bought a scroll of enchant weapon for 127 gold pieces
 11301 | Elf:1    | Entered Level 1 of the Elven Halls
 11311 | Elf:1    | Found Weuzere's Jewellery Emporium.
 11474 | Elf:1    | Noticed a deep elf sorcerer
 11474 | Elf:1    | Killed a deep elf sorcerer
 11494 | Elf:1    | Identified the Handbook of Battle Magic
 11813 | Elf:1    | ololoev: так
 11813 | Elf:1    | ololoev: я сюда еще вернусь
 11924 | Elf:2    | HP: 3/72 [deep elf archer/arrow (25)]
 12094 | Elf:2    | Noticed a deep elf sorcerer
 12101 | Elf:2    | Killed a deep elf sorcerer
 12148 | Elf:2    | Reached skill level 19 in Spellcasting
 12165 | Elf:2    | Found a runed gate.
 12213 | Elf:2    | Found a runed gate.
 12214 | Elf:2    | Found a runed gate.
 12220 | Elf:2    | Found Oxeak's Distillery.
 12262 | Elf:2    | Reached skill level 10 in Evocations
 12306 | Elf:2    | Gained mutation: You tend to lose your temper in combat. [mutagenic meat]
 12307 | Elf:2    | Gained mutation: You are partially covered in rugged brown scales (AC +1, +3% HP). [mutagenic meat]
 12308 | Elf:2    | Gained mutation: You are agile. (Dex +2) [mutagenic meat]
 12339 | Elf:3    | Entered Level 3 of the Elven Halls
 12396 | Elf:2    | Reached XP level 16. HP: 78/78 MP: 30/41
 12928 | Elf:3    | Offered knowledge of Poisonous Cloud by Vehumet.
 12984 | Elf:3    | Noticed a deep elf master archer
 12984 | Elf:3    | Killed a deep elf master archer
 13034 | Elf:3    | Noticed a deep elf blademaster
 13040 | Elf:3    | Killed a deep elf blademaster
 13154 | Elf:3    | Noticed a deep elf master archer
 13157 | Elf:3    | Killed a deep elf master archer
 13170 | Elf:3    | Reached skill level 20 in Spellcasting
 13178 | Elf:3    | Noticed a Tzitzimitl
 13246 | Elf:3    | Reached skill level 15 in Conjurations
 13249 | Elf:3    | Noticed a deep elf blademaster
 13258 | Elf:3    | Killed a deep elf blademaster
 13320 | Elf:3    | Reached XP level 17. HP: 82/82 MP: 43/43
 13344 | Elf:3    | Got a fine long sword {drain}
 13347 | Elf:3    | Identified the cursed +1 long sword of Inquiry {drain, +Fly} (You took it off a deep elf mage on level 3 of the Elven Halls)
 13394 | Elf:3    | Identified the Tome of the Twelve Wishes
 13400 | Elf:3    | Identified the Almanac of the Compass
 13405 | Elf:3    | Learned a level 2 spell: Blink
 13410 | Elf:3    | Learned a level 4 spell: Passage of Golubria
 13439 | Elf:3    | Learned a level 6 spell: Bolt of Fire
 13449 | Elf:3    | Got a sparkling glass ring
 13451 | Elf:3    | Identified the ring of Moodiness {rC+ rN+++ Str-3 Int+3} (You found it on level 3 of the Elven Halls)
 13651 | Elf:1    | Bought an uncursed ring of see invisible for 240 gold pieces
 13651 | Elf:1    | Bought an uncursed ring of wizardry for 480 gold pieces
 13973 | Spider:1 | Entered Level 1 of the Spider Nest
 14019 | Spider:3 | jacquesderrida: it me
 14020 | Spider:3 | ololoev: yo jakk
 14031 | Spider:3 | jacquesderrida: Thank
 14045 | Spider:3 | ololoev: вот тчо бывает когад забываешь одеть рпойз обратно
 14257 | Spider:3 | Lost mutation: You are agile. (Dex +2) [mutagenic meat]
 14258 | Spider:3 | Gained mutation: You are covered in fur (AC +1). [mutagenic meat]
 14259 | Spider:3 | Gained mutation: Your mind is acute. (Int +2) [mutagenic meat]
 14260 | Spider:3 | Gained mutation: You are robust (+10% HP). [mutagenic meat]
 14293 | Spider:4 | Entered Level 4 of the Spider Nest
 14340 | Spider:3 | Reached skill level 1 in Fighting
 14393 | Spider:4 | Offered knowledge of Bolt of Cold by Vehumet.
 14479 | Spider:4 | Noticed Arachne
 14480 | Spider:4 | Noticed Agnes
 14489 | Spider:4 | Killed Agnes
 14510 | Spider:4 | Killed Arachne
 15059 | Spider:4 | Reached skill level 5 in Dodging
 15087 | Spider:4 | Got a gossamer rune of Zot
 15303 | Shoals:1 | Entered Level 1 of the Shoals
 15608 | Shoals:3 | Noticed Polyphemus
 15628 | Shoals:2 | Noticed a kraken
 15674 | Shoals:2 | Killed a kraken
 15675 | Shoals:2 | Noticed Frances
 15684 | Shoals:2 | Killed Frances
 15751 | Shoals:3 | Killed Polyphemus
 15922 | Shoals:4 | Entered Level 4 of the Shoals
 15935 | Shoals:3 | Reached XP level 18. HP: 105/105 MP: 33/44
 16245 | Shoals:4 | Offered knowledge of Lehudib's Crystal Spear by Vehumet.
 16245 | Shoals:4 | Offered knowledge of Shatter by Vehumet.
 16245 | Shoals:4 | Offered knowledge of Chain Lightning by Vehumet.
 16245 | Shoals:4 | Reached skill level 21 in Spellcasting
 16286 | Shoals:3 | Learned a level 9 spell: Shatter
 16286 | Shoals:3 | ololoev: shattard!!
 16336 | Shoals:4 | Noticed Louise
 16339 | Shoals:4 | Killed Louise
 16380 | Shoals:4 | Noticed Ilsuiw
 16401 | Shoals:4 | Killed Ilsuiw
 16405 | Shoals:4 | DEFE: sup
 16406 | Shoals:4 | ololoev: yo defir
 16406 | Shoals:4 | DEFE: Я пока на clan переехал
 16414 | Shoals:4 | jacquesderrida: pochenu
 16417 | Shoals:4 | jacquesderrida: it me
 16426 | Shoals:4 | DEFE: потому что баг
 16426 | Shoals:4 | DEFE: игра непроходима
 16426 | Shoals:4 | ololoev: у него на схс зот в пане сгенерился
 16431 | Shoals:4 | jacquesderrida: vyidi
 16432 | Shoals:4 | DEFE: я кстати н еодин с таким багом
 16441 | Shoals:4 | DEFE: там в багтрекенги чувак сказал у него так же
 16483 | Shoals:4 | jacquesderrida: Инцидент произошел в понедельник, 21 ноября, в школе № 40 Новоуральска. Около двух часов дня в учебное здание, перепрыгнув через турникет, ворвался неизвестный мужчина с криками: «Мне нужен директор!» Несмотря на противодействие технического персонала, незнакомец проворно промчался по коридорам в направлении кабинета школьного главы, где как раз проходило совещание с педагогами. Влетев в комнату, незнакомец взволнованно поинтересовался: «Знает ли здесь кто-нибудь Берию?»
 16485 | Shoals:4 | jacquesderrida: neploho
 16506 | Shoals:4 | jacquesderrida: Лучше в новоуральск перезжай, а не на клан
 16554 | Shoals:4 | DEFE: лыжа головы режет гидрам?
 16565 | Shoals:4 | ololoev: да
 16585 | Shoals:4 | DEFE: я решил пройти
 16589 | Shoals:4 | DEFE: с посохом
 16609 | Shoals:4 | Noticed Aizul
 16612 | Shoals:4 | Killed Aizul
 16618 | Shoals:4 | Reached skill level 5 in Fighting
 16831 | Shoals:4 | Got a barnacled rune of Zot
 17347 | D:12     | Reached skill level 1 in Fire Magic
 17503 | D:14     | Found a gate to the Vaults.
 17504 | D:14     | Got a coiled granite ring
 17513 | D:14     | Identified the ring of Peace {Wiz rF+ Int+5} (You took it off a deep elf archer on level 14 of the Dungeon)
 17531 | Vaults:1 | Entered Level 1 of the Vaults
 17822 | Vaults:1 | Reached XP level 19. HP: 92/115 MP: 0/46
 18066 | Vaults:2 | Reached skill level 5 in Fire Magic
 18207 | Vaults:2 | Goblin1989: не понял
 18214 | Vaults:2 | Found Xodghuik's Weapon Shoppe.
 18236 | Vaults:2 | Goblin1989: че там дэфэ сделал со своим mugl
 18237 | Vaults:2 | ololoev: ничего не делала
 18237 | Vaults:2 | ololoev: *делал
 18237 | Vaults:2 | ololoev: игра багнулась
 18237 | Vaults:2 | Goblin1989: с 12 рунами
 18263 | Vaults:2 | Found a staircase to the Crypt.
 18264 | Vaults:2 | Goblin1989: то есть сгинул мумия?
 18269 | Vaults:2 | ololoev: нет
 18269 | Vaults:2 | ololoev: пока не играет просто
 18269 | Vaults:2 | Goblin1989: понял
 18434 | Vaults:3 | Noticed Margery
 18438 | Vaults:3 | Killed Margery
 19017 | Vaults:4 | Noticed Mennas
 19391 | Vaults:2 | Reached skill level 22 in Spellcasting
 19671 | Elf:1    | Bought the amulet of the Four Winds {rN+ MR+++ Clar} for 478 gold pieces
 19831 | Vaults:1 | Reached skill level 10 in Dodging
 20041 | Vaults:5 | Entered Level 5 of the Vaults
 20043 | Vaults:5 | Reached XP level 20. HP: 125/125 MP: 44/48
 20133 | Vaults:4 | jacquesderrida: Eeek
 20215 | Vaults:5 | Noticed lorenzova's ghost (veteran DECj)
 20223 | Vaults:5 | Reached skill level 10 in Fire Magic
 20259 | Vaults:5 | Goblin1989: ротабал почти все что можно, а брони нормальной так и не нашел
 20262 | Vaults:5 | Goblin1989: печаль
 20607 | Vaults:4 | Goblin1989: вот ведь срань попалась
 20621 | Vaults:4 | Goblin1989: наверное худщий кошмар для кастеров и демонспавнов
 20708 | Vaults:5 | Reached XP level 21. HP: 133/133 MP: 6/49
 20753 | Vaults:5 | Killed lorenzova's ghost
 20887 | Vaults:5 | Noticed an ancient lich
 20890 | Vaults:5 | Killed an ancient lich
 20930 | Vaults:5 | Goblin1989: кстати ололоев, внеси в свой список еще одного руплейера
 20931 | Vaults:5 | ololoev: ?
 20931 | Vaults:5 | ololoev: zs
 20939 | Vaults:5 | Goblin1989: seriousvitamin
 20942 | Vaults:5 | Noticed Frederick
 20942 | Vaults:5 | ololoev: оу, он русский
 20942 | Vaults:5 | ololoev: ок
 20945 | Vaults:5 | Killed Frederick
 20980 | Vaults:4 | Goblin1989: этот из телеграммовского чатика
 21014 | Vaults:5 | Goblin1989: ну и их вк-шной группы видимо
 21166 | Vaults:5 | Got a glittering steel amulet
 21168 | Vaults:5 | Got a silver rune of Zot
 21172 | Vaults:5 | Reached skill level 23 in Spellcasting
 21318 | Vaults:5 | Identified the amulet "Usonats" {Spirit MP+9 Int+4} (You found it on level 5 of the Vaults)
 21319 | Vaults:5 | ololoev: чертов спирит
 21319 | Vaults:5 | ololoev: был бы годный амуль
 21425 | Vaults:5 | Found Muiteisu's Jewellery Shop.
 21485 | Vaults:5 | Got a fine leather armour
 21496 | Vaults:5 | Identified the +1 leather armour "Viog" {rF+ MR- rCorr Int-5 Dex+5} (You found it on level 5 of the Vaults)
 21519 | Vaults:5 | ololoev: ох ё
 21519 | Vaults:5 | Goblin1989: эх
 21544 | Vaults:5 | Goblin1989: неплохое одноразовое кольцо
 21557 | Vaults:5 | ololoev: такое можно и не снимать
 21560 | Vaults:5 | Goblin1989: но стоимость
 21601 | Vaults:5 | Noticed an ancient lich
 21610 | Vaults:5 | Killed an ancient lich
 21812 | Crypt:1  | Entered Level 1 of the Crypt
 21838 | Crypt:1  | Goblin1989: в томбу сразу пойдешь?
 21839 | Crypt:1  | ololoev: yep
 21848 | Crypt:1  | Goblin1989: 3 руны уже в сумке?
 21855 | Crypt:1  | ololoev: da
 22094 | Crypt:1  | Goblin1989: russianfaggotglassgo видимо тоже русский
 22117 | Crypt:1  | Reached XP level 22. HP: 127/141 MP: 9/51
 22314 | Crypt:1  | Goblin1989: так, афк минут на 20
 22642 | Crypt:3  | Entered Level 3 of the Crypt
 23035 | Crypt:3  | Found an ancient bone altar of Kikubaaqudgha.
 23194 | Crypt:3  | jacquesderrida: it me
 23205 | Crypt:3  | ololoev: orly?
 23209 | Crypt:3  | jacquesderrida: Eto tak
 23298 | Crypt:3  | Reached skill level 10 in Fighting
 23602 | Crypt:3  | Found a staircase to the Tomb.
 23608 | Crypt:3  | Xiguana: 1 str alert
 23615 | Crypt:3  | jacquesderrida: Beatguaner
 23615 | Crypt:3  | jacquesderrida: Welco,e
 23621 | Crypt:3  | jacquesderrida: Welcome
 23942 | Crypt:3  | Got a scorched brass ring
 23943 | Crypt:3  | Noticed an ancient lich
 23946 | Crypt:3  | Killed an ancient lich
 23957 | Crypt:3  | Got a shimmering platinum ring
 23960 | Crypt:3  | Identified Qeqagon's Volume of Stolen Souls
 23961 | Crypt:3  | ololoev: eeeee!
 23961 | Crypt:3  | ololoev: necromut!
 23961 | Crypt:3  | jacquesderrida: Eeek
 23981 | Crypt:3  | Learned a level 8 spell: Necromutation
 24015 | Tomb:1   | Entered Level 1 of the Tomb of the Ancients
 24088 | Tomb:1   | Noticed a greater mummy
 24088 | Tomb:1   | Noticed a greater mummy
 24089 | Tomb:1   | Noticed a greater mummy
 24091 | Tomb:1   | Killed a greater mummy
 24091 | Tomb:1   | Reached skill level 1 in Necromancy
 24091 | Tomb:1   | Killed a greater mummy
 24091 | Tomb:1   | Killed a greater mummy
 24091 | Tomb:1   | Reached XP level 23. HP: 146/146 MP: 12/52
 24162 | Tomb:1   | Noticed a greater mummy
 24169 | Tomb:1   | Killed a greater mummy
 24169 | Tomb:1   | Lost strength.
 24221 | Crypt:3  | Goblin1989: ой
 24233 | Crypt:3  | jacquesderrida: Slaby laliev
 24241 | Crypt:3  | Goblin1989: а что коллапс значит?
 24241 | Crypt:3  | ololoev: дамаг вроде в 4 раза меньше в мили
 24408 | Crypt:2  | Identified Fille's Volume of Conjuration and Heat
 24769 | Vaults:2 | Identified the ring "Xebeoh" {rN+ Str+3 Int+6 Dex-3} (You took it off a necromancer on level 3 of the Crypt)
 24772 | Vaults:2 | Identified the ring of Hicse {+Blink +Inv rF- rN+ Int+3} (You found it on level 3 of the Crypt)
 24921 | Tomb:1   | Noticed a greater mummy
 24927 | Tomb:1   | Killed a greater mummy
 25038 | Tomb:1   | Noticed a greater mummy
 25043 | Tomb:1   | Killed a greater mummy
 25044 | Tomb:1   | Goblin1989: бедные спидранеры, как же они без сусата будут играть в 0.20
 25072 | Tomb:1   | Noticed a greater mummy
 25076 | Tomb:1   | Killed a greater mummy
 25104 | Tomb:1   | Noticed a greater mummy
 25110 | Tomb:1   | Killed a greater mummy
 25110 | Tomb:1   | Reached skill level 24 in Spellcasting
 25110 | Tomb:1   | Reached skill level 5 in Necromancy
 25110 | Tomb:1   | Reached skill level 15 in Fire Magic
 25140 | Tomb:1   | Noticed a greater mummy
 25190 | Tomb:1   | Killed a greater mummy
 25190 | Tomb:1   | Reached skill level 5 in Transmutations
 25256 | Tomb:1   | jacquesderrida: ЛАЛИЕВ
 25263 | Tomb:1   | jacquesderrida: Ты машешь палкой по 12 аутов...
 25264 | Tomb:1   | Goblin1989: джейди
 25274 | Crypt:3  | jacquesderrida: 100 ходов ------- не вернуть...
 25276 | Crypt:3  | Goblin1989: джедай
 25284 | Crypt:3  | jacquesderrida: Гремлин
 25287 | Crypt:3  | jacquesderrida: Welcome to laliev
 25289 | Crypt:3  | Goblin1989: ждедай
 25405 | Tomb:1   | jacquesderrida: SPS
 25429 | Tomb:2   | Noticed a greater mummy
 25465 | Tomb:2   | Killed a greater mummy
 25477 | Tomb:2   | Noticed a greater mummy
 25515 | Tomb:2   | Noticed a greater mummy
 25517 | Tomb:2   | Noticed a greater mummy
 25530 | Tomb:2   | Killed a greater mummy
 25532 | Tomb:2   | Killed a greater mummy
 25532 | Tomb:2   | Killed a greater mummy
 25533 | Tomb:2   | jacquesderrida: neber
 25533 | Tomb:2   | Iwannabefree: мамспидран
 25537 | Tomb:2   | Iwannabefree: чойта
 25537 | Tomb:2   | Iwannabefree: что с томбом
 25538 | Tomb:2   | jacquesderrida: SLOMALSYA
 25538 | Tomb:2   | ololoev: помялась немного
 25560 | Tomb:2   | jacquesderrida: Декорации
 25563 | Tomb:2   | Iwannabefree: чому не в центре?
 25563 | Tomb:2   | jacquesderrida: За стенами ничего нет
 25563 | Tomb:2   | ololoev: так безопаснее
 25568 | Tomb:2   | jacquesderrida: Пустота
 25572 | Tomb:2   | Iwannabefree: с теле залетел в проход?
 25574 | Tomb:2   | ololoev: нет, спистился по другой лестнице
 25581 | Tomb:2   | Iwannabefree: а
 25586 | Tomb:2   | Iwannabefree: шатёр же ломает
 25626 | Tomb:2   | Goblin1989: эта
 25643 | Tomb:2   | jacquesderrida: eto
 25679 | Tomb:2   | Goblin1989: а у демонспавна с нейтсталкером он на 4 действует всего, или за лос выходит
 25680 | Tomb:2   | Goblin1989: ?
 25694 | Tomb:2   | ololoev: на 4
 25723 | Tomb:2   | Goblin1989: и торнадо за лос не выходит?
 25733 | Tomb:2   | Oozefury: о уже в тумбе
 25733 | Tomb:2   | ololoev: ничего кроме шторма не выходит
 25733 | Tomb:2   | jacquesderrida: Ebat slovinskih nabezhalo
 25773 | Tomb:2   | Oozefury: Silence worth for Tr?
 25782 | Tomb:3   | Entered Level 3 of the Tomb of the Ancients
 25784 | Tomb:3   | jacquesderrida: Da, nyet
 25785 | Tomb:3   | Iwannabefree: схс для русских
 25797 | Tomb:2   | Goblin1989: схс для профи
 25819 | Tomb:2   | Iwannabefree: ??anubis guard
 25820 | Tomb:2   | beem: anubis guard[1/1]: 0.16 Tomb monster which sometimes appears in place of guardian mummies. Can turn up in pairs; has drain breath, Dispel Undead, and a hunting cry which makes noise and alerts other anubis guards on the level to your location. They are living but rN+++ and torment-immune.
 25822 | Tomb:2   | Goblin1989: на остальных серверах лузеры играют
 25830 | Tomb:3   | jacquesderrida: Для профитролей
 25832 | Tomb:3   | jacquesderrida: С кремом
 25833 | Tomb:3   | Iwannabefree: щас бы в оказуаленную версию играть...
 25836 | Tomb:2   | Iwannabefree: Тумба без миазм
 25842 | Tomb:2   | Goblin1989: схс почти все профи :)
 25844 | Tomb:2   | Oozefury: ??miasma
 25846 | Tomb:2   | beem: miasma[1/1]: Poisons, slows and gives a 50% chance of rotting per turn. The poison is resistible by rPois but the slow and rot are only resistible (for players) by being undead, being a demonspawn with the miasma mutation, nonliving (statue form & gargoyles), having rRot (like VS do) or using Zin's vitalisation.
 25847 | Tomb:2   | Goblin1989: и я
 25847 | Tomb:2   | ololoev: я ща дексы тут лишусь
 25847 | Tomb:2   | jacquesderrida: ;^)
 25889 | Tomb:3   | Lost dexterity.
 25891 | Tomb:3   | Noticed a greater mummy
 25892 | Tomb:3   | Reached XP level 24. HP: 157/157 MP: 36/53
 25894 | Tomb:3   | jacquesderrida: Clumser
 25894 | Tomb:3   | Killed a greater mummy
 25898 | Tomb:3   | Noticed a greater mummy
 25901 | Tomb:3   | Killed a greater mummy
 25902 | Tomb:3   | Noticed an ancient lich
 25903 | Tomb:3   | Iwannabefree: run
 25904 | Tomb:3   | Noticed a greater mummy
 25904 | Tomb:3   | Killed an ancient lich
 25910 | Tomb:2   | ololoev: ад какой-то
 25927 | Tomb:2   | Iwannabefree: >тфв не вкачал некромут
 25927 | Tomb:2   | Goblin1989: тоиб же
 25934 | Tomb:2   | ololoev: так
 25934 | Tomb:2   | Goblin1989: не ад
 25934 | Tomb:2   | ololoev: а не врубится ли негр под брилом?
 25993 | Tomb:1   | Noticed a greater mummy
 25997 | Tomb:1   | Killed a greater mummy
 26067 | Tomb:1   | Iwannabefree: уже был collapse?
 26069 | Tomb:1   | ololoev: да, и кламси тоже был
 26069 | Tomb:1   | jacquesderrida: Пролапс был
 26069 | Tomb:1   | jacquesderrida: Генитальный
 26069 | Tomb:1   | ololoev: все было
 26069 | Tomb:1   | Iwannabefree: Эт заебись
 26073 | Tomb:1   | jacquesderrida: Бубенчики выпали!
 26100 | Tomb:2   | jacquesderrida: o.o
 26126 | Tomb:3   | Killed a greater mummy
 26127 | Tomb:3   | Iwannabefree: >d3
 26129 | Tomb:3   | Iwannabefree: >ты змея
 26131 | Tomb:3   | Iwannabefree: >36 хп
 26136 | Tomb:3   | Iwannabefree: >из-за угла вылезает гост с 18 дамаги
 26137 | Tomb:3   | Iwannabefree: ват ду?
 26148 | Tomb:3   | jacquesderrida: kyll
 26173 | Tomb:3   | jacquesderrida: Machit
 26181 | Tomb:3   | jacquesderrida: Зачем ходы на ето дерьмо тратишь?
 26185 | Tomb:3   | ololoev: мне нужны бабосы на кольцо
 26188 | Tomb:3   | ReniFell: ЕБАТ
 26194 | Tomb:3   | jacquesderrida: Che za kaltso
 26199 | Tomb:3   | jacquesderrida: Уже ничего не нужно......
 26199 | Tomb:3   | Goblin1989: одноразовое
 26199 | Tomb:3   | Iwannabefree: выебали когда теле кастился
 26199 | Tomb:3   | jacquesderrida: nah?
 26199 | Tomb:3   | ololoev: хотя реально нафиг уже не нужно
 26199 | Tomb:3   | ololoev: у меня лучше
 26199 | Tomb:3   | jacquesderrida: >>>>>>>>>>>>>>>int +2
 26199 | Tomb:3   | ReniFell: бес па ле зна е
 26199 | Tomb:3   | ololoev: до тумбы оно ыло крутое
 26201 | Tomb:3   | jacquesderrida: da
 26219 | Tomb:3   | Noticed a greater mummy
 26223 | Tomb:3   | Killed a greater mummy
 26225 | Tomb:3   | jacquesderrida: mumer
 26228 | Tomb:3   | jacquesderrida: salomandir
 26231 | Tomb:3   | Got a brightly glowing wooden ring
 26232 | Tomb:3   | Goblin1989: мануал чекни
 26232 | Tomb:3   | jacquesderrida: ЧЕКНИ КРЕСТАЛЬНУЮ
 26232 | Tomb:3   | jacquesderrida: ;^)
 26232 | Tomb:3   | Identified the ring "Dagemeczi" {*Corrode rN+ Dex+7 Stlth-} (You found it on level 3 of the Tomb of the Ancients)
 26233 | Tomb:3   | ReniFell: ЧЕКНИ МАНУОЛ
 26234 | Tomb:3   | jacquesderrida: interesna zhe
 26236 | Tomb:3   | jacquesderrida: NAIS
 26236 | Tomb:3   | jacquesderrida: STELT
 26236 | Tomb:3   | ReniFell: стулс
 26236 | Tomb:3   | ololoev: можно качнуть
 26236 | Tomb:3   | ololoev: норм
 26237 | Tomb:3   | jacquesderrida: NUZHNA
 26242 | Tomb:3   | jacquesderrida: CPA PLS
 26245 | Tomb:3   | ReniFell: che za mech
 26246 | Tomb:3   | Goblin1989: опа
 26247 | Tomb:3   | jacquesderrida: LICH
 26251 | Tomb:3   | Goblin1989: а че за лезер?
 26252 | Tomb:3   | ReniFell: tam mech
 26253 | Tomb:3   | ReniFell: krasnen'kiy
 26253 | Tomb:3   | jacquesderrida: LICH
 26255 | Tomb:3   | jacquesderrida: ??LEECH
 26255 | Tomb:3   | beem: leech[1/2]: The +8 demon blade "Leech" {vamp, rN+ AC-3 EV-3}. Has a guaranteed on-hit vampiric effect!
 26255 | Tomb:3   | ReniFell: kak raz pod cvet glaz
 26260 | Tomb:3   | ReniFell: oh
 26263 | Tomb:3   | ReniFell: oh
 26265 | Tomb:3   | Noticed a greater mummy
 26267 | Tomb:3   | ReniFell: IMBA
 26268 | Tomb:3   | jacquesderrida: eeeek
 26269 | Tomb:3   | Killed a greater mummy
 26269 | Tomb:3   | Reached skill level 15 in Dodging
 26295 | Tomb:3   | Noticed an ancient lich
 26298 | Tomb:3   | Noticed a greater mummy
 26298 | Tomb:3   | jacquesderrida: schas bombanet
 26299 | Tomb:3   | Killed an ancient lich
 26303 | Tomb:3   | Killed a greater mummy
 26314 | Tomb:3   | Noticed a greater mummy
 26327 | Tomb:3   | Killed a greater mummy
 26328 | Tomb:3   | ReniFell: a che nikramootacii netu chtale
 26329 | Tomb:3   | jacquesderrida: Nyet
 26329 | Tomb:3   | ololoev: 70% fail
 26339 | Tomb:3   | ReniFell: pizdariki
 26348 | Tomb:3   | jacquesderrida: Feil
 26386 | Tomb:3   | ololoev: черт
 26386 | Tomb:3   | ololoev: не туда
 26399 | Tomb:3   | Got a golden rune of Zot
 26400 | Tomb:3   | jacquesderrida: Chyort
 26405 | Tomb:3   | ReniFell: vse tuda
 26405 | Tomb:3   | ReniFell: vse suda
 26536 | Crypt:3  | ReniFell: !!!!!!!
 26740 | D:14     | jacquesderrida: Sps
 26746 | Zig:1    | Entered Level 1 of a ziggurat
 26791 | Zig:2    | Entered Level 2 of a ziggurat
 26802 | Zig:2    | Identified the Incunabulum of Nocuous Fire
 26804 | Zig:2    | Goblin1989: до конца проходить будешь?
 26804 | Zig:2    | ololoev: хз
 26804 | Zig:2    | jacquesderrida: Da
 26804 | Zig:2    | jacquesderrida: Nyet
 26805 | Zig:3    | Entered Level 3 of a ziggurat
 26806 | Zig:3    | ReniFell: DA!
 26806 | Zig:3    | Noticed Moubifue the pandemonium lord
 26808 | Zig:3    | jacquesderrida: Da!!
 26809 | Zig:3    | pedritolo: Da?
 26812 | Zig:3    | jacquesderrida: Eto
 26812 | Zig:3    | Killed Moubifue the pandemonium lord
 26812 | Zig:3    | Reached skill level 10 in Necromancy
 26815 | Zig:3    | ReniFell: S H A T T E R I N O
 26823 | Zig:3    | jacquesderrida: Da
 26845 | Zig:3    | jacquesderrida: Tovarisch
 26847 | Zig:4    | Entered Level 4 of a ziggurat
 26850 | Zig:4    | Noticed a greater mummy
 26857 | Zig:4    | pedritolo: hrascho
 26857 | Zig:4    | jacquesderrida: Thank
 26857 | Zig:4    | ololoev: чет маны мало
 26857 | Zig:4    | ReniFell: tank
 26857 | Zig:4    | pedritolo: spasiba
 26857 | Zig:4    | Goblin1989: hi
 26857 | Zig:4    | jacquesderrida: hi
 26857 | Zig:4    | ReniFell: qq
 26857 | Zig:4    | ReniFell: q
 26857 | Zig:4    | ReniFell: q
 26857 | Zig:4    | jacquesderrida: it me
 26857 | Zig:4    | ReniFell: q
 26857 | Zig:4    | ReniFell: q
 26857 | Zig:4    | jacquesderrida: ty che henireni ty che...
 26857 | Zig:4    | pedritolo: no ladna
 26857 | Zig:4    | Goblin1989: ??? О_О
 26858 | Zig:4    | jacquesderrida: o,o
 26859 | Zig:4    | ReniFell: O_O
 26860 | Zig:4    | ReniFell: OOOOOOOOOOO_OOOOOOOOOOO
 26861 | Zig:5    | Entered Level 5 of a ziggurat
 26866 | Zig:5    | jacquesderrida: 8—————)
 26882 | Zig:5    | Goblin1989: Педритоло русскоговорящий?
 26883 | Zig:5    | jacquesderrida: Кто-то?
 26884 | Zig:5    | ReniFell: A HUI
 26884 | Zig:5    | jacquesderrida: Педрило-то?
 26885 | Zig:5    | ReniFell: EGO ZNAET
 26886 | Zig:5    | jacquesderrida: Возможно...
 26892 | Zig:5    | jacquesderrida: :DDD
 26894 | Zig:5    | jacquesderrida: D:::
 26914 | Zig:5    | Gained mutation: Your magical capacity is low (-10% MP). [mutagenic glow]
 26917 | Zig:5    | ReniFell: juk nu ty skazanool
 26989 | Zig:6    | Entered Level 6 of a ziggurat
 26992 | Zig:6    | ololoev: что ж мне как везет то с зигами, лол
 26992 | Zig:6    | ReniFell: TA LANDA
 26992 | Zig:6    | ReniFell: HUINYA
 26992 | Zig:6    | ReniFell: XEBEOH
 26992 | Zig:6    | Iwannabefree: спамь шатром
 26994 | Zig:6    | Iwannabefree: vse budet
 26994 | Zig:6    | ReniFell: Они летают
 26994 | Zig:6    | ololoev: так они же летающие
 26994 | Zig:6    | Iwannabefree: точна
 26997 | Zig:6    | Iwannabefree: а что у тебя есть
 27007 | Zig:6    | ReniFell: ПЁРЛ ХАРБОР
 27007 | Zig:6    | Reached skill level 5 in Stealth
 27008 | Zig:6    | ReniFell: ДРЕГОН
 27009 | Zig:6    | Iwannabefree: >не качать ФАЙАСТОРМ
 27025 | Zig:6    | ololoev: нету шторма
 27036 | Zig:6    | ReniFell: FURASTARM+SHUTOR=YASD 15 RUNOS
 27037 | Zig:6    | Goblin1989: реген тоже не завезли видимо
 27086 | Zig:6    | ReniFell: >>>>>>>>DEX 3
 27098 | Zig:7    | Entered Level 7 of a ziggurat
 27104 | Zig:7    | Goblin1989: ренифелл, там пое обновляют
 27104 | Zig:7    | Iwannabefree: куда дел
 27109 | Zig:7    | Reached skill level 10 in Transmutations
 27160 | Zig:7    | ReniFell: ya v poe na harde poigral
 27172 | Zig:7    | ReniFell: nafeedel 70lvl
 27173 | Zig:7    | ReniFell: i brosel
 27174 | Zig:7    | Got a heavily runed wooden ring
 27175 | Zig:7    | Identified the ring "Uretogif" {rN+ MR+ Str+5 Int-2 Dex+3} (You found it on level 7 of a ziggurat)
 27186 | Zig:7    | Learned a level 5 spell: Fireball
 27194 | Zig:7    | Learned a level 7 spell: Delayed Fireball
 27214 | Zig:8    | Entered Level 8 of a ziggurat
 27214 | Zig:8    | Noticed jazmu's ghost (legendary GrAK)
 27215 | Zig:8    | Xiguana: poor player
 27215 | Zig:8    | pedritolo: lol
 27215 | Zig:8    | ololoev: да вы офигели
 27215 | Zig:8    | ololoev: абиссит с глацем
 27215 | Zig:8    | ReniFell: FAER STARM
 27217 | Zig:8    | Xiguana: FAER
 27223 | Zig:8    | ReniFell: idi nahui iguaner
 27227 | Zig:8    | Xiguana: ;c ok
 27229 | Zig:8    | ReniFell: ez
 27236 | Zig:8    | ololoev: ну вас нафиг с такими зигами
 27241 | D:14     | ReniFell: SLABOST'
 27294 | D:15     | Entered Level 15 of the Dungeon
 27294 | D:15     | Found Votwagao's Gadget Shop.
 27351 | D:14     | Iwannabefree: а пурплред за 27к 15 выносил...
 27399 | D:15     | muxecoid: Why everyone watches this?
 27399 | D:15     | ololoev: я рад за него
 27399 | D:15     | ololoev: dunno
 27404 | D:15     | pedritolo: why not?
 27475 | D:15     | pedritolo: apparently it's a close-knit slavic community.
 27530 | D:15     | muxecoid: А почему столько зрителей?
 27539 | D:15     | pedritolo: exactly
 27539 | D:15     | ololoev: ох ё
 27539 | D:15     | ololoev: сколько русских то
 27539 | D:15     | jacquesderrida: >nazval russkim
 27539 | D:15     | jacquesderrida: Huyase predyyavy
 27539 | D:15     | ReniFell: poidu ya koorit'
 27539 | D:15     | ReniFell: zarplatu je dali!
 27539 | D:15     | ReniFell: shikuem!
 27539 | D:15     | jacquesderrida: Ebat!
 27539 | D:15     | Goblin1989: ой
 27540 | D:15     | Found a staircase to the Depths.
 27549 | D:15     | Iwannabefree: Я бы не простил такое
 27550 | D:15     | Goblin1989: мой медведь тоже меня зовет водку пить
 27551 | D:15     | jacquesderrida: >>>zarplatu dali
 27553 | D:15     | jacquesderrida: Nyet
 27554 | Depths:1 | Entered Level 1 of the Depths
 27555 | Depths:1 | jacquesderrida: On salvador
 27558 | Depths:1 | Goblin1989: как-то совсем забыл я про него
 27558 | Depths:1 | Goblin1989: :D
 27558 | Depths:1 | ReniFell: AHAHA KAKIE WUTKI JUK
 27565 | Depths:1 | ReniFell: PREKRATI
 27593 | Depths:1 | ReniFell: was pridu...
 27598 | Depths:1 | jacquesderrida: :————)
 27598 | Depths:1 | jacquesderrida: КУРИ ТАК
 27598 | Depths:1 | jacquesderrida: НАХУЙ УХОДИТЬ КУДА-ТО
 27603 | Depths:2 | Goblin1989: не ну а что?
 27656 | Depths:2 | Found a gateway to Hell.
 27656 | Depths:2 | Goblin1989: я вот сегодня с работы отпрашивался чтобы животное домашнее убить
 27657 | Depths:2 | ololoev: черт
 27657 | Depths:2 | ololoev: я не хотел кастовать шаттер
 27657 | Depths:2 | Iwannabefree: Настолько все плохо?
 27659 | Depths:2 | Goblin1989: таки вызвали с работы
 27659 | Depths:2 | Iwannabefree: Животное не виновато что тебе нечего есть!
 27701 | Depths:1 | jacquesderrida: Сукабля, ветеринары!
 27728 | Depths:1 | Reached XP level 25. HP: 92/163 MP: 37/48
 27733 | Depths:1 | Found a blossoming altar of Fedhas.
 27734 | Depths:1 | jacquesderrida: У моего знакомого в клинике денег нет на нормальное усыпление
 27740 | Depths:1 | Goblin1989: прихожу а у меня руки в крови оттер не до конца, торопился
 27746 | Depths:1 | jacquesderrida: Какую-то хуйню колят, чтобы сердце остановить
 27751 | Depths:1 | jacquesderrida: Пиздец
 27828 | Depths:1 | Goblin1989: так фельдшер со скорой у меня спрашивает: а че мол у тебя руки в крови-то?
 27832 | Hell     | Entered the Vestibule of Hell
 27832 | Hell     | Noticed Geryon
 27890 | Depths:1 | jacquesderrida: ГОТ
 27914 | Depths:1 | Goblin1989: ну я ему честно и ответил - свиная кровушка, животное убивал бедное в обеденный перерыв
 27935 | Depths:2 | Goblin1989: фельдшер по-моему в аут ушел
 28063 | Depths:2 | Noticed a juggernaut
 28065 | Depths:2 | Killed a juggernaut
 28069 | Depths:2 | Identified the Papyrus of the Traveller and Transformation (You found it on level 2 of the Depths)
 28088 | Depths:2 | Noticed a juggernaut
 28092 | Depths:2 | Killed a juggernaut
 28228 | Depths:2 | Noticed the Enchantress
 28236 | Depths:2 | muxecoid: Тебе стены не жалко? кто-то старался, возводил
 28238 | Depths:2 | muxecoid: ;)
 28239 | Depths:2 | Slain by the Enchantress

Dungeon Overview and Level Annotations

Branches:
Dungeon (15/15)            Temple (0/1) D:6            Lair (8/8) D:9
 Shoals (4/4) Lair:3       Spider (4/4) Lair:3        Slime (0/6) Lair:7
    Orc (2/2) D:12            Elf (3/3) Orc:2        Vaults (5/5) D:14
  Crypt (3/3) Vaults:2       Tomb (3/3) Crypt:3      Depths (2/5) D:15
   Hell (1/1)
    Dis: Hell:1         Geh: Hell:1         Coc: Hell:1         Tar: Hell:1

Altars:
Fedhas
Gozag
Kikubaaqudgha
Makhleb
Nemelex Xobeh
Ru
Sif Muna
Vehumet
Xom
Yredelemnul
Beogh
Jiyva

Shops:
D:7 (   D:8 *   D:12 !   D:15 }   Orc:2 *[%}   Elf:1 =   Elf:2 !   Vaults:2 (
Vaults:5 =

Portals:
Hell: Depths:1 Depths:2

Annotations:
D:9 exclusion: downstairs
Lair:1 exclusion: downstairs
Lair:2 exclusion: downstairs
Lair:4 exclusion: downstairs
Shoals:3 exclusion: 2 downstairs
Elf:2 3 runed doors
Vaults:4 Mennas
Depths:2 the Enchantress
Hell Geryon


Message History

You channel some magical energy.
You feel slightly more hungry.
Nothing appears to happen.
Nothing appears to happen.
You channel some magical energy.
You are feeling hungry.
Nothing appears to happen.
A spriggan defender comes into view. It is wielding a rapier of flaming.
Nothing appears to happen.
The spriggan defender moves out of view.
The Enchantress comes into view.
She is wielding a demon whip of venom.
You channel some magical energy.
You feel slightly more hungry.
Nothing appears to happen.
Nothing appears to happen.
A caustic shrike comes into view.
Nothing appears to happen.
Casting: Shatter
Confirm with . or Enter, or press ? or * to list all spells.
Aiming: Iron Shot
Press: ? - help, Shift-Dir - straight line,
f - the Enchantress
Aim: the Enchantress, wielding a demon whip of venom, wearing a faerie dragon armour and wearing a shiny buckler (deflecting missiles)
The iron shot hits the Enchantress.
The Enchantress is severely wounded.
A spriggan defender comes into view. It is wielding a rapier of holy wrath.
Casting: Iron Shot
Confirm with . or Enter, or press ? or * to list all spells.
Aiming: Iron Shot
Press: ? - help, Shift-Dir - straight line, f/p - the Enchantress
Aim: the Enchantress, wielding a demon whip of venom, wearing a faerie dragon armour and wearing a shiny buckler (severely wounded, deflecting missiles)
The Enchantress blocks the iron shot.
The caustic shrike claws you.
You are splashed with acid!
The acid burns!
The Enchantress hits you with a demon whip of venom!
You are poisoned.
Casting: Iron Shot
Confirm with . or Enter, or press ? or * to list all spells.
Aiming: Iron Shot
Press: ? - help, Shift-Dir - straight line, f/p - the Enchantress
Aim: the Enchantress, wielding a demon whip of venom, wearing a faerie dragon armour and wearing a shiny buckler (severely wounded, deflecting missiles)
The Enchantress blocks the iron shot.
You feel sick. The caustic shrike closely misses you.
The Enchantress casts a spell.
You resist with almost no effort. The caustic shrike claws you.
You are splashed with acid!
The acid burns!
Casting: Iron Shot
Confirm with . or Enter, or press ? or * to list all spells.
Aiming: Iron Shot
Press: ? - help, Shift-Dir - straight line, f/p - the Enchantress
Aim: the Enchantress, wielding a demon whip of venom, wearing a faerie dragon armour and wearing a shiny buckler (severely wounded, deflecting missiles)
The iron shot misses the Enchantress.
You feel sick. The caustic shrike closely misses you.
The Enchantress casts a spell.
The Enchantress seems to speed up.
The caustic shrike claws you but does no damage.
Casting: Iron Shot
Confirm with . or Enter, or press ? or * to list all spells.
Aiming: Iron Shot
Press: ? - help, Shift-Dir - straight line, f/p - the Enchantress
Aim: the Enchantress, wielding a demon whip of venom, wearing a faerie dragon armour and wearing a shiny buckler (severely wounded, fast, deflecting missiles)
The iron shot misses the Enchantress.
You feel sick.
The caustic shrike claws you but does no damage.
The Enchantress hits you with a demon whip of venom!
The caustic shrike claws you!!
You are splashed with acid!
The acid corrodes you!
The acid burns!
A slime creature comes into view.
Unknown command.
Read which item? (? for menu, Esc to quit)
As you read the scroll of teleportation, it crumbles to dust.
You feel strangely unstable.
You feel sick. The caustic shrike closely misses you.
The Enchantress hits you with a demon whip of venom!!
You are more poisoned.
The slime creature moves out of view.
The Enchantress mumbles some strange words.
You resist with almost no effort. The caustic shrike closely misses you.
Drink which item? (? for menu, Esc to quit)
You feel much better.
You feel very sick.
The spriggan defender hits you with a rapier of holy wrath!!
The caustic shrike claws you!
You are splashed with acid!
The acid burns!
The Enchantress hits you with a demon whip of venom!!
You die...

You could see a caustic shrike, the Enchantress and a spriggan defender.

Vanquished Creatures
  5 ancient liches
  2 juggernauts (Depths:2)
  21 greater mummies
  Frederick (Vaults:5)
  Margery (Vaults:3)
  A pandemonium lord (Zig:3)
  Arachne (Spider:4)
  The ghost of lorenzova the Sorcerer, a veteran DECj of Sif Muna (Vaults:5)
  A pearl dragon (Zig:6)
  A bone dragon (Zig:7)
  4 tentacled monstrosities
  3 titans (Vaults:5)
  3 liches
  2 deep elf blademasters (Elf:3)
  Rupert (Lair:5)
  2 quicksilver dragons
  A kraken (Shoals:2)
  Frances (Shoals:2)
  2 deep elf master archers (Elf:3)
  Polyphemus (Shoals:3)
  Agnes (Spider:4)
  9 sphinxes
  7 ancient champions
  3 storm dragons
  6 shadow dragons
  5 tengu reavers
  4 revenants
  A daeva (Zig:6)
  6 deep elf sorcerers
  Ilsuiw (Shoals:4)
  8 frost giants
  7 fire giants
  An iron dragon (Vaults:5)
  3 emperor scorpions
  4 ghost moths
  Louise (Shoals:4)
  11 ghouls
  Aizul (Shoals:4)
  A balrug (Zig:8)
  2 orc warlords
  15 vault wardens
  7 deep elf elementalists
  2 curse skulls (Crypt:3)
  6 very ugly things
  An angel (Zig:6)
  4 reapers
  16 stone giants
  3 spriggan defenders (Depths:2)
  A war gargoyle (Vaults:5)
  4 vampire knights
  11 ironheart preservers
  2 salamander stormcallers (Vaults:5)
  2 apis (Zig:6)
  10 deep elf annihilators
  5 dire elephants (Lair:8)
  5 bennus
  4 deep elf demonologists
  11 eidola
  A spark wasp (shapeshifter) (Vaults:4)
  4 spark wasps
  A blizzard demon (Zig:7)
  7 merfolk javelineers (Shoals:4)
  5 ettins
  2 jiangshi (Crypt:2)
  Josephine (Lair:4)
  8 merfolk impalers
  10 deep elf death magi
  31 vault guards
  14 yaktaur captains
  A quicksilver dragon zombie (Tomb:2)
  5 deep elf high priests
  21 mummy priests
  A great orb of eyes (Vaults:3)
  An entropy weaver (Vaults:4)
  2 fire dragons (Depths:2)
  10 hydras
  Harold (Lair:4)
  A rakshasa (Depths:1)
  2 quicksilver dragon skeletons (Crypt:3)
  4 centaur warriors
  An anaconda (Lair:8)
  A catoblepas (Shoals:3)
  3 spriggan air magi
  3 death knights
  8 ogre magi
  6 merfolk aquamancers
  3 deep troll earth magi
  A satyr (Shoals:4)
  4 death yaks (Shoals:3)
  5 orc high priests
  2 vampire magi (Crypt:2)
  A spriggan berserker (Depths:2)
  4 deep troll shamans
  15 dancing weapons
  A titan zombie (Crypt:3)
  14 deep elf knights
  14 soul eaters
  10 hell knights
  4 hell hogs
  Urug (Lair:3)
  Sonja (D:11)
  4 small abominations
  A sun demon (Hell)
  An iron troll (Depths:2)
  A storm dragon zombie (Crypt:3)
  23 skeletal warriors
  4 shadow wraiths
  11 death scarabs
  An unseen horror (shapeshifter) (Vaults:4)
  5 golden dragon zombies
  A wretched star (Zig:7)
  2 fire crabs (Vaults:4)
  6 deep trolls
  A ghost moth zombie (Tomb:3)
  9 sea snakes
  4 flayed ghosts
  An orange crystal statue (Depths:2)
  4 unseen horrors
  2 large abominations
  4 giant orange brains
  A giant orange brain (shapeshifter) (Vaults:1)
  14 deep elf archers
  2 cherubim (Zig:6)
  2 starcursed masses (Zig:7)
  17 necromancers
  13 anubis guards
  A golden dragon skeleton (Crypt:3)
  A shadow dragon zombie (Crypt:3)
  10 hill giants
  18 orc knights
  10 phantasmal warriors
  5 statues (Volcano)
  3 wizards
  9 orb spiders
  49 deep elf magi
  13 ironbrand convokers
  A tengu skeleton (Vaults:5)
  7 orc sorcerers
  2 anaconda skeletons (Crypt:3)
  2 wolf spider zombies (Crypt:3)
  9 manticores
  5 hornets
  11 griffons
  10 harpies
  24 ugly things
  2 fire giant zombies
  An iron dragon zombie (Tomb:2)
  A salamander (shapeshifter) (D:15)
  14 wolf spiders
  4 fauns
  A hornet (shapeshifter) (Elf:3)
  An elephant (shapeshifter) (D:13)
  6 cyclopes
  20 elephants
  A sixfirhy (Zig:3)
  A guardian serpent (Zig:7)
  A stone giant skeleton (Tomb:3)
  An octopode (shapeshifter) (Vaults:5)
  6 vault sentinels
  5 water nymphs (Shoals:4)
  2 fire giant skeletons
  A smoke demon (Zig:7)
  11 sirens
  Psyche (D:8)
  A dire elephant zombie (Tomb:1)
  2 gargoyles
  3 centaur zombies
  5 black mambas
  An elephant slug zombie (Crypt:2)
  10 spiny frogs
  2 torpor snails
  A frost giant skeleton (Tomb:2)
  A spiny frog (shapeshifter) (D:13)
  3 hellions (Zig:8)
  A dire elephant skeleton (Tomb:3)
  4 kobold demonologists
  6 komodo dragons
  A red draconian zombie (Crypt:1)
  3 centaur skeletons
  4 demonic crawlers
  An ice devil (Hell)
  A tormentor (Zig:7)
  15 yaktaurs
  10 freezing wraiths
  2 rime drakes
  A komodo dragon (shapeshifter) (Vaults:1)
  3 hydra zombies
  3 human skeletons
  A mottled draconian skeleton (Crypt:2)
  3 ancient zymes (Zig:7)
  13 hellwings (Crypt:3)
  43 guardian mummies
  A red devil (Zig:8)
  A spriggan skeleton (Zig:8)
  A troll (shapeshifter) (Depths:1)
  25 merfolk
  A wind drake (Shoals:4)
  A wind drake (shapeshifter) (Elf:3)
  9 trolls
  5 boulder beetles
  4 bog bodies
  A two-headed ogre (shapeshifter) (Vaults:3)
  A fire dragon zombie (Crypt:2)
  10 jumping spiders
  3 raiju (Zig:5)
  6 snapping turtles
  11 two-headed ogres
  21 ushabtiu
  A raiju (shapeshifter) (Vaults:4)
  An ettin zombie (Crypt:3)
  A spriggan zombie (Zig:8)
  A frost giant simulacrum (Vaults:3)
  11 blink frogs
  14 slime creatures
  A hydra skeleton (Crypt:3)
  An alligator zombie (Crypt:1)
  A spriggan (Depths:2)
  An alligator skeleton (Crypt:3)
  20 redbacks
  7 air elementals
  10 tarantellas
  A ynoxinul (Zig:3)
  A black mamba zombie (Crypt:3)
  29 yaks
  2 shadows
  42 flying skulls
  13 wraiths
  3 wyverns
  2 fire elementals
  3 fire bats (Lair:7)
  A yak (shapeshifter) (Vaults:2)
  2 basilisks
  6 hippogriffs
  18 water elementals
  A fire bat (shapeshifter) (Vaults:3)
  A steam dragon (D:9)
  9 vampire mosquitoes
  A yaktaur simulacrum (Vaults:1)
  A chaos spawn (Zig:2)
  A hog (shapeshifter) (Elf:2)
  A deep troll zombie (Vaults:5)
  A mottled dragon (Vaults:1)
  2 insubstantial wisps (Zig:5)
  A faun zombie (Crypt:1)
  5 wargs
  12 water moccasins
  57 orc warriors
  A hell hound (Zig:8)
  16 porcupines
  2 black bears (D:10)
  A phantom (D:10)
  39 ogres
  2 wasps
  An eye of draining (D:14)
  4 sky beasts
  4 ice beasts
  6 boggarts
  An ettin simulacrum (Vaults:5)
  An ice dragon simulacrum (Crypt:1)
  A manticore zombie (Crypt:3)
  A blink frog skeleton (Crypt:2)
  An elephant skeleton (Crypt:1)
  12 necrophages
  2 snapping turtle skeletons
  18 centaurs
  5 crocodiles
  7 big kobolds
  A yaktaur zombie (Crypt:1)
  A fire crab zombie (Crypt:2)
  24 giant frogs
  A hell hound zombie (Crypt:1)
  3 wyvern skeletons (Crypt:3)
  A deep troll simulacrum (Vaults:5)
  2 earth elementals (Elf:2)
  5 scorpions
  A troll zombie (Crypt:3)
  5 killer bees (D:10)
  A hippogriff skeleton (Crypt:1)
  2 snapping turtle simulacra
  A howler monkey (D:6)
  11 wights
  5 electric eels
  2 lava snakes (Volcano)
  6 crimson imps
  A wolf zombie (Crypt:2)
  A giant frog zombie (D:12)
  2 quasits
  7 hounds
  A human zombie (Crypt:3)
  25 orc wizards
  A basilisk zombie (Crypt:1)
  A gnoll shaman (D:4)
  7 jellies
  A giant frog skeleton (D:10)
  8 iguanas
  34 orc priests
  A worker ant (shapeshifter) (Vaults:3)
  2 hell rats (Hell)
  12 worker ants
  36 sheep
  A felid zombie (Crypt:1)
  An ogre skeleton (Crypt:1)
  A hound zombie (D:6)
  2 hound skeletons
  41 mummies
  2 worker ant zombies
  9 gnolls
  A howler monkey skeleton (D:11)
  13 adders
  45 river rats
  4 shadow imps
  4 white imps (Vaults:3)
  2 adder skeletons
  2 worms
  3 dart slugs
  3 giant geckos
  114 orcs
  5 giant cockroaches
  4 hobgoblins
  A jackal (D:10)
  12 kobolds
  2 quokkas
  2 ball pythons
  A ball python skeleton (D:4)
  A ball python zombie (Crypt:2)
  2 bats
  A giant gecko skeleton (D:4)
  A giant gecko zombie (Crypt:2)
  2 giant newts
  A quokka skeleton (D:5)
  2 quokka zombies
  5 rats
  A bush (Lair:6)
  2 fungi (Depths:2)
  4 lost souls
  27 plants
  4 tentacles (Shoals:2)
  13 withered plants (Crypt:3)
2094 creatures vanquished.

Vanquished Creatures (collateral kills)
  A ghost moth (Spider:4)
  An emperor scorpion (Spider:4)
  A ghoul (Crypt:3)
  2 spark wasps (Spider:4)
  A wolf spider (Spider:4)
  A freezing wraith (Crypt:3)
  A jumping spider (Spider:4)
  A wind drake (shapeshifter) (Vaults:2)
  A kobold (Vaults:2)
10 creatures vanquished.

Vanquished Creatures (others)
  3 death scarabs (Tomb:2)
  A redback (Spider:4)
  3 mummies
  6 fungi
  2 lost souls (Crypt:3)
  7 plants
  8 tentacles (Shoals:2)
  196 tentacle segments (Shoals:2)
  10 withered plants (Crypt:3)
236 creatures vanquished.

Grand Total: 2340 creatures vanquished

Action                   |  1- 3 |  4- 6 |  7- 9 | 10-12 | 13-15 | 16-18 | 19-21 | 22-24 | 25-27 || total
-------------------------+-------+-------+-------+-------+-------+-------+-------+-------+-------++-------
Melee: Staff             |       |       |       |    20 |     2 |     5 |     1 |     1 |       ||    29
 Cast: Sandblast         |    38 |    39 |    57 |    14 |    63 |       |       |       |       ||   211
       Stone Arrow       |       |    12 |    62 |   111 |   130 |    22 |     3 |       |       ||   340
       Lee's Rapid Decon |       |       |    30 |   120 |   185 |   120 |    37 |    52 |     3 ||   547
       Petrify           |       |       |     7 |    30 |    36 |    15 |     1 |       |       ||    89
       Apportation       |       |       |     1 |     4 |    45 |    32 |     6 |    42 |     1 ||   131
       Iron Shot         |       |       |       |    21 |   243 |   252 |   189 |   330 |    27 ||  1062
       Passwall          |       |       |       |       |    19 |    18 |       |       |       ||    37
       Orb of Destructio |       |       |       |       |       |    53 |    28 |    53 |     5 ||   139
       Passage of Golubr |       |       |       |       |       |     2 |       |       |       ||     2
       Blink             |       |       |       |       |       |     3 |       |       |       ||     3
       Shatter           |       |       |       |       |       |    58 |   146 |   145 |    33 ||   382
       Bolt of Fire      |       |       |       |       |       |       |       |     2 |       ||     2
       Delayed Fireball  |       |       |       |       |       |       |       |     1 |       ||     1
Evoke: Wand              |       |       |     1 |     3 |     3 |     3 |     4 |     7 |       ||    21
       Staff of energy   |       |       |       |       |    87 |   342 |   462 |   767 |    86 ||  1744
       Figurine of a zig |       |       |       |       |       |       |       |     1 |       ||     1
  Use: Potion            |       |       |     6 |     4 |     7 |     9 |    10 |    18 |     1 ||    55
       Scroll            |       |       |       |     9 |    13 |    15 |    10 |    29 |     1 ||    77
  Eat: Chunk             |       |     1 |    12 |    16 |    44 |    37 |    31 |     9 |     5 ||   155
       Royal jelly       |       |       |       |       |     1 |       |     1 |       |       ||     2
       Pizza             |       |       |       |       |       |     2 |     3 |       |       ||     5
       Fruit             |       |       |       |       |       |     9 |     3 |     7 |       ||    19
       Bread ration      |       |       |       |       |       |       |       |    10 |       ||    10
Armor: Robe              |     2 |     3 |       |       |       |       |       |       |       ||     5
       Leather armour    |       |       |     7 |    22 |    91 |    67 |       |    16 |     1 ||   204
       Troll hide        |       |       |       |       |     1 |    15 |     1 |       |       ||    17
       Troll leather arm |       |       |       |       |       |       |    33 |    79 |     6 ||   118
       Skin              |       |       |       |       |       |       |       |    12 |       ||    12
Dodge: Dodged            |     6 |     9 |    35 |    30 |   111 |   115 |    95 |   132 |    11 ||   544

Vault maps used:
D:1:      evilmike_arrival_run_for_it
D:2:      lemuel_doored_altar
D:3:      first_bread
D:4:      nicolae_gozag_seed_capital, gammafunk_temple_overflow_statue,
          overflow_temple_1_default
D:5:      nicolae_tso_carved_into_rock, basic_altar
D:6:      minmay_temple_entry_from_below_a
D:7:      nicolae_qazlal_style_of_elements, serial_shops, shop, minmay_holes,
          kennysheep_crisscross, uniq_prince_ribbit1
D:8:      kennysheep_ying_yang, lemuel_crystal_altar, kiku_gazebo_garden_becter,
          serial_shops, shop, the_bakery, uniq_psyche
D:9:      nicolae_ru_great_annihilating_truth, makhleb_altar_promises_db,
          fiery_altar_vehumet, david_lair_shrubbed, kennysheep_decorative_pillar
D:10:     kennysheep_windowed_halls, nicolae_underground_beach
D:11:     uniq_sonja
D:12:     orc_0_dummy, serial_shops, kennysheep_mini_moat, tgw_sif
D:13:     nicolae_twisting_strands
D:14:     hangedman_cross_veins, david_vaults_5, minmay_misc_feat_tiny
D:15:     grunt_enter_depths_snipers, minivault_23, serial_shops,
          nicolae_shop_stone
Lair:1:   basic_altar
Lair:2:   minivault_19, nicolae_quartered_pool_medium, disabler_island
Lair:3:   minmay_shoals_entry_lonely_mermaid, spider_nest_entry_funnel_web,
          mumra_transporter_accident, roderic_carrion_pond, uniq_urug
Lair:4:   nicolae_quartered_pool_super, grunt_megastairs_1, uniq_josephine,
          uniq_harold
Lair:5:   st_stairs_3, serial_bayou_pond_a, small_statue_intersection,
          grunt_megastairs_5, uniq_rupert
Lair:7:   slime_altar_1, nicolae_volcano_entry_batcave, grunt_megastairs_3,
          serial_bayou_shore_b, serial_bayou_shore_b, bh_autumn_forest_stairs,
          lemuel_fruit_tree
Lair:8:   due_jungle_book
Shoals:2: uniq_frances
Shoals:3: uniq_polyphemus
Shoals:4: shoals_end_grunt_ice, shoal_ilsuiw, uniq_louise, uniq_aizul
Spider:2: nicolae_spider_mines_1
Spider:4: grunt_spider_rune_island, uniq_agnes, uniq_arachne
Orc:2:    pubby_orc_utopia
Elf:1:    serial_shops, shop_fountains, minmay_elf_annihilation
Elf:2:    serial_co_window_serial, co_window_cross_1, co_window_paths_b,
          co_window_paths_a, co_window_corner_a, co_window_cross_1,
          co_window_corner_cb, co_window_of_opportunity_c, co_window_broadway_b,
          glass_columns_c, glass_columns_a, glass_columns_a, glass_columns_b,
          serial_shops, nicolae_shop_crystal, st_stairs_12, solitary_fountain
Elf:3:    elf_hall, small_statue_intersection
Vaults:1: hangedman_vaults_stretched_pinwheel, ontoclasm_vaults_hangar,
          dpeg_vaults_monster_row, v_alt_pattern_4, vaults_dpeg_diagonal,
          nicolae_vaults_windows_and_doors_thing, v_alt_pattern_2,
          ontoclasm_vaults_twist, vaults_room_door_hall
Vaults:2: hangedman_vaults_slither, sword_in_stone, vaults_dpeg_spiral,
          ontoclasm_vaults_spin, v_misc_15, ontoclasm_vaults_chip,
          grunt_vaults_hallway_long, blue_anna_dwarven_crypt,
          nicolae_vaults_ninety_degrees, v_misc_1, grunt_vaults_hallway_long,
          dpeg_vaults_monster_box, serial_shops, shop
Vaults:3: v_misc_13, vaults_room_boxed, st_cells, vaults_room_fours, v_misc_22,
          serial_ice_g, vaults_room_fours, ontoclasm_vaults_hangar,
          nicolae_vaults_little_squares_6, hangedman_vaults_maws, uniq_margery
Vaults:4: hangedman_vaults_river_flow, hangedman_vaults_stretched_pinwheel,
          vaults_mumra_hex, grunt_vaults_hallway_long, ontoclasm_vaults_chip,
          v_misc_25, hangedman_vaults_hard_town_square, vaults_dpeg_doors,
          v_pattern_2, nicolae_vaults_little_squares_1, hangedman_vaults_trim,
          vaults_room_semicircle, uniq_mennas
Vaults:5: serial_shops, uniq_frederick
Crypt:2:  library_closet
Crypt:3:  evilmike_haunted_forest
Depths:1: pf_hell_entry_tar_spiral, kennysheep_minor_cross,
          kennysheep_small_circle
Depths:2: gammafunk_depths_water_palace, enter_ziggurat_b, nrook_pool_corridor,
          pf_hell_entry_great_geh, infiniplex_staircase_pillars_3b
Volcano:  volcano_grotto
